 Dungeon Crawl Stone Soup version 0.30-a0-272-gf98c3da03f (webtiles) character file.

Game seed: 279594491209869070

66 greasedhog the Trooper (level 3, -3/34 HPs)
             Began as a Minotaur Fighter on Oct 16, 2022.
             Slain by a kobold
             ... wielding a +2 whip of venom
              (6 damage)
             ... on level 2 of the Dungeon.
             The game lasted 00:01:06 (1203 turns).

greasedhog the Trooper (Minotaur Fighter)           Turns: 1203, Time: 00:01:07

Health: -3/34      AC:  7    Str: 22    XL:     3   Next: 96%
Magic:  2/2        EV:  9    Int:  5    God:
Gold:   78         SH:  4    Dex:  9    Spells: 2/2 levels left

rFire   . . .      SeeInvis .    a - +0 war axe
rCold   . . .      Faith    .    c - +0 buckler
rNeg    . . .      Spirit   .    b - +0 scale mail
rPois   .          Reflect  .    (helmet restricted)
rElec   .          Harm     .    (no cloak)
rCorr   .          Rampage  .    (no gloves)
Will    .....                    (no boots)
Stlth   ..........               (no amulet)
HPRegen 0.25/turn                (no ring)
MPRegen 0.08/turn                (no ring)

@: lethally poisoned (-3 -> -20)
A: horns 2, retaliatory headbutt
a: no special abilities


You were on level 2 of the Dungeon.
You visited 1 branch of the dungeon, and saw 2 of its levels.

You collected 78 gold pieces.

Inventory:

Hand Weapons
 a - a +0 war axe (weapon)
Armour
 b - a +0 scale mail (worn)
 c - a +0 buckler (worn)
Scrolls
 f - 3 scrolls of magic mapping {unknown}
 g - a scroll of blinking
Potions
 d - a potion of might
 e - a potion of berserk rage


   Skills:
 * Level 4.4 Fighting
 * Level 3.3 Axes
 * Level 4.4 Armour
 + Level 4.0 Shields


You had 2 spell levels left.
You didn't know any spells.
Your spell library contained the following spells:

 Spells                   Type           Power      Damage    Failure   Level
 Summon Small Mammal      Summ           0%         N/A       87%         1
 Call Canine Familiar     Summ           0%         N/A       99%         3
 Summon Guardian Golem    Hex/Summ       0%         N/A       99%         3


Dungeon Overview and Level Annotations

Branches:
Dungeon (2/15)

Altars:


Innate Abilities, Weirdness & Mutations

You have a pair of horns on your head.
You reflexively headbutt those who attack you in melee.


Message History

The kobold throws a stone.
The stone barely misses you. The rat bites you but does no damage.
You barely miss the rat. Your headbutt misses the rat. The rat bites you.
You hit the rat.
You kill the rat!
You block the kobold's attack.
You barely miss the kobold. The kobold misses you.
You closely miss the kobold. The kobold barely misses you.
The kobold hits you with a +2 whip of venom.
You are poisoned.
You barely miss the kobold.
You feel very sick. The kobold hits you but does no damage.
You barely miss the kobold. Your headbutt misses the kobold.
You feel very sick.
The kobold hits you with a +2 whip of venom.
The kobold hits you but does no damage.
You are more poisoned.
You hit the kobold. Your headbutt misses the kobold.
The kobold is moderately wounded.
You feel very sick. You block the kobold's attack.
You are too injured to fight recklessly!
You are too injured to fight recklessly!
A kobold is nearby!
A kobold is nearby!
You barely miss the kobold.
The kobold is moderately wounded.
You feel very sick.
The kobold hits you with a +2 whip of venom.
* * * LOW HITPOINT WARNING * * *
You barely miss the kobold. You headbutt the kobold.
The kobold is severely wounded.
* * * LOW HITPOINT WARNING * * *
You feel very sick.
The kobold hits you with a +2 whip of venom.
* * * LOW HITPOINT WARNING * * *
You are more poisoned.
The kobold hits you with a +2 whip of venom.
You die...

#######..# .........#
.........# .........#
.........# .........#
.........###### .#
#....K@....... .#
#.####.#######
.#........#.............
.#........#..(...#######
.#........#..##..#
.#.......)#..##..#
.#........#.....##
.#........#...#.#
.#........#).##.#


You could see a kobold.

Vanquished Creatures
  2 adders (D:2)
  A worm (D:2)
  A ball python (D:1)
  6 endoplasms (D:1)
  A giant cockroach (D:1)
  6 goblins
  2 hobgoblins (D:1)
  5 jackals (D:1)
  4 kobolds
  4 quokkas (D:1)
  2 bats (D:1)
  6 rats
40 creatures vanquished.

Notes
Turn   | Place    | Note
-------+----------+-------------------------------------------
     0 | D:1      | greasedhog the Minotaur Fighter began the quest for the
                  | Orb.
     0 | D:1      | Reached XP level 1. HP: 19/19 MP: 0/0
   231 | D:1      | Reached XP level 2. HP: 27/27 MP: 1/1
   568 | D:1      | Reached XP level 3. HP: 33/33 MP: 2/2
  1029 | D:1      | Found a faded altar of an unknown god.
  1203 | D:2      | Slain by a kobold

Illustrated notes

Levels and vault maps discovered:
D:1:      dpeg_arrival_brainrot, layout_loops_ring,
          shapermc_ecumenical_altar_mp_vishouse, minmay_misc_feat_x,
          grunt_decor_one_mirror, chequers_serial_rivers_micro_d,
          patterned_corridor
D:2:      layout_basic, basic_altar, minivault_25, uniq_crazy_yiuf_cottage

Skill      XL: |  1  2  3 |
---------------+----------+-----
Fighting       | 4 |  4.4
Armour         | 4 |  4.4
Axes           | 3 |  3.3
Shields        | 4 |  4.0

Action                   || total
-------------------------++-------
Melee: War axe           ||    84
       Headbutt          ||     8
  Use: Scroll            ||     2
Armor: Scale mail        ||    46
Dodge: Dodged            ||    39
Block: Buckler           ||    19

Table legend: (Time is in decaauts)
 A = Elapsed time spent in this place.
 B = Non-inter-level travel time spent in this place.
 C = Inter-level travel time spent in this place.
 D = Time resting spent in this place.
 E = Time spent auto-exploring this place.
 F = Levels seen in this place.
 G = Mean time per level.
                   A        B        C        D        E       F      G
               +--------+--------+--------+--------+--------+-----+--------+
         Total |   1235 |   1213 |     22 |      0 |   1007 |   2 |  617.5 |
       Dungeon |   1235 |   1213 |     22 |      0 |   1007 |   2 |  617.5 |
               +--------+--------+--------+--------+--------+-----+--------+

Top non-repeatable levels by time:
     D:1: 1121 daAuts
     D:2: 114 daAuts
